woodfighter, lawful female giant Samurai ------------- |............# -------------- |...<.......|# |............| |...........|################.............| |...........| |............| ------------- -.------------ ########### --.--- -----.--- ..U...| |.....>.| ...@..| ###################........| ..O....## --------- .....| ----- woodfighter the Samurai Experience level: 10 Strength: 18/01 Dexterity: 16 Constitution: 20 Intelligence: 12 Wisdom: 9 Charisma: 7 Health: 0(106) Energy: 27(27) Def: 20 Gold: 625 Moves: 12680 Dungeon seed [set]: Game ID: woodfighter_1679860002 Your Inventory: Coins $ - 625 gold pieces Amulets Z - an uncursed amulet of reflection (being worn) Weapons a - an uncursed +2 two-handed sword (weapon in hand) g - 11 blessed +0 shuriken o - 7 blessed +3 shuriken u - an uncursed +0 shuriken K - 6 blessed +1 shuriken (in quiver) Armor i - an uncursed +0 pair of speed boots (being worn) l - an uncursed +2 dented pot (being worn) z - an uncursed +0 elven cloak (being worn) E - a blessed +2 orcish shield (being worn) Comestibles c - an uncursed lembas wafer j - an uncursed tin of newt meat D - an uncursed tin of iron piercer meat F - an uncursed sprig of wolfsbane I - an uncursed fortune cookie T - 7 uncursed gunyoki Potions V - an uncursed potion of sight Rings A - a blessed +1 ring of protection (on left hand) Wands d - an uncursed wand of digging (0:5) f - an uncursed wand of lightning (0:4) k - an uncursed wand of light (0:13) w - an uncursed wand of light (0:12) R - an uncursed wand of locking (0:8) Tools b - an uncursed stethoscope m - an uncursed magic lamp (lit) q - an uncursed +0 unicorn horn s - an uncursed bag of holding t - an uncursed very corroded +0 pick-axe (alternate weapon; not wielded) y - an uncursed brass key H - an uncursed magic whistle W - an uncursed towel Y - an uncursed bronze key Gems e - 2 uncursed worthless pieces of orange glass J - an uncursed luckstone S - an uncursed worthless piece of violet glass Boulders/Statues n - an uncursed boulder r - an uncursed boulder N - an uncursed boulder Q - an uncursed boulder U - an uncursed boulder Contents of the bag of holding: 5179 gold pieces an uncursed +0 katana an uncursed [+0] mummy wrapping 2 uncursed eucalyptus leaves an uncursed sprig of wolfsbane a [cursed] scroll of blank paper a [uncursed] scroll of blank paper a [blessed] scroll of enchant weapon a [cursed] scroll of light a [blessed] scroll of magic mapping a [cursed] scroll of remove curse an uncursed scroll of stinking cloud a [uncursed] scroll of taming an uncursed spellbook of dig a [uncursed] spellbook of extra healing a [uncursed] spellbook of knock a [uncursed] potion of blindness a [uncursed] potion of full healing 2 [uncursed] potions of invisibility a [uncursed] potion of levitation an uncursed potion of oil a [blessed] potion of paralysis a [uncursed] potion of water an uncursed ring of see invisible a [uncursed] [+0] unicorn horn an uncursed luckstone an uncursed worthless piece of orange glass 2 [uncursed] worthless pieces of yellow glass 2 [uncursed] worthless pieces of yellowish brown glass Spells and supernatural/magical abilities: Name Level Category Fail Memory W - pray for help -- divine ? -- Your skills at the end: Miscellaneous Skills martial arts [Basic] shield [Skilled] wands [Basic] Weapon Skills short sword [Basic] two-handed sword [Expert] katana [Basic] bow [Basic] sling [Basic] shuriken [Basic] Spellcasting Skills Final Attributes: You were stridently aligned. You were cold resistant. You were poison resistant. Your writing hand was ok. You had infravision. You were somewhat stealthy. You were protected. You were very fast. You had reflection. You were lucky. You had extra luck. Bad luck did not time out for you. Good luck did not time out for you. You are dead. Vanquished creatures: a green dragon a golden naga a vampire 2 ghosts 2 giant mimics a wumpus a long worm a winter wolf 2 quantum mechanics 4 small mimics a warhorse a xan 2 ettin mummies an ogre lord a troll a brown bear a stinking sphere a freezing sphere 3 flaming spheres a shocking sphere an ochre jelly a mountain centaur an elf mummy a python 2 black bears 3 wraiths 2 leather golems 4 giant beetles a cockatrice 3 wolves 2 winter wolf cubs a black light a gremlin 2 leprechauns 3 quivering blobs a spotted jelly 2 orc-captains 2 giant spiders a scorpion a horse an ice vortex a vampire bat 3 gnome kings 2 piranhas a dwarf mummy a brown pudding 2 owlbears 3 yetis a dingo a housecat a jaguar a water nymph 2 black unicorns a gnome mummy 2 pit vipers 3 human zombies 2 rope golems 5 bugbears a baby crocodile a wood nymph 15 Mordor orcs 4 Uruk-hai 12 orc shamans 3 rock piercers 3 ponies 6 fog clouds 2 violet fungi 16 gnome lords 4 gnomish wizards 3 jellyfish 2 kobold mummies a black naga hatchling a gray ooze 5 elf zombies a straw golem a paper golem 3 giant ants a floating eye 2 kittens 5 dwarves 2 homunculi 4 quasits 3 kobold lords a kobold shaman 4 iguanas 13 hill orcs 6 rothes 2 centipedes a jitterbug 5 giant bats a monkey 5 orc zombies 4 dwarf zombies a wererat 2 coyotes 2 gas spores a hobbit 6 acid blobs 4 geckos 11 hobgoblins 3 giant rats 9 cave spiders 2 brown molds 5 yellow molds 4 green molds a red mold 52 gnomes 8 garter snakes 4 manes 4 gnome zombies 4 jackals 2 foxes 6 kobolds 15 newts 15 goblins 4 sewer rats 8 grid bugs 4 bats 13 lichens 3 kobold zombies 433 creatures vanquished. Voluntary challenges: You did not cause conflict. You were not invisible. You were not displaced. You had been an atheist until turn 2084. You did not donate to any temples.. You used a wielded weapon 641 times, starting on turn 1. You did not use plumbed fixtures. You did not drink any magical draughts. You read items or engraved 4 times, starting on turn 2083. You never genocided any monsters. You never polymorphed an object. You changed form 2 times, starting on turn 7881. You completed Sokoban on turn 5048, according to the rules. You used no wishes. You did not use any artifacts. You never split a pudding. You never wrote Elbereth's name. You violated bushido, losing 3 points of alignment, starting on turn 7087. You enabled loading special bones files. Dungeon overview: The Dungeons of Doom: levels 1 to 16 Level 1 a long staircase Level 2 a music store Level 3 stairs to The Gnomish Mines Level 4 (box) a sink Level 5 many fountains Level 6 a vault, some fountains, a throne stairs to Sokoban Level 7 an armor shop Level 8 an altar to Raijin Level 9 (water) a vault, an altar to Raijin, a fountain Level 10 a vault Level 11 some fountains Level 12 an empty vault, a fountain portal to The Quest Level 13 some fountains Level 14 (white unicorn) Level 15 (rogue) <- You were here Level 16 The Gnomish Mines: levels 4 to 11 Level 4 stairs to The Dungeons of Doom Level 5 Level 6 (boxes) many shops, a temple to Amaterasu Omikami, a magic chest, some trees Level 7 Level 8 Level 9 Level 10 Level 11 (white unicorn) many altars to Moloch, a magic chest, some fountains The Quest: Level 1 portal to The Dungeons of Doom Sokoban: levels 2 to 5 Level 2 a magic chest Level 3 Level 4 Level 5 an altar to Amaterasu Omikami, a magic chest stairs to The Dungeons of Doom History has recorded: On T:1 you entered the Dungeons of Doom to retrieve the Amulet of Yendor! On T:154 you reached level 2 of The Dungeons of Doom. On T:309 you advanced to experience level 2. On T:474 you reached level 3 of The Dungeons of Doom. On T:622 you advanced to experience level 3. On T:761 you reached level 1 of The Gnomish Mines. On T:882 you reached level 4 of The Dungeons of Doom. On T:986 you reached level 5 of The Dungeons of Doom. On T:1097 you advanced to experience level 4. On T:1456 you advanced to experience level 5. On T:1471 you reached level 6 of The Dungeons of Doom. On T:1612 you reached level 7 of The Dungeons of Doom. On T:1718 you advanced to experience level 6. On T:1875 you reached level 4 of Sokoban. On T:2081 you opened a magic chest. On T:2384 you reached level 3 of Sokoban. On T:2793 you reached level 2 of Sokoban. On T:3405 you reached level 1 of Sokoban. On T:3466 you advanced to experience level 7. On T:5048 you advanced to experience level 8. On T:5048 you entered the Sokoban zoo. On T:5591 you reached level 2 of The Gnomish Mines. On T:5812 you reached level 3 of The Gnomish Mines. On T:6422 you reached level 4 of The Gnomish Mines. On T:6633 you advanced to experience level 9. On T:6656 you entered the Minetown temple On T:6895 you reached level 5 of The Gnomish Mines. On T:6938 you reached level 6 of The Gnomish Mines. On T:7863 you reached level 7 of The Gnomish Mines. On T:8294 you reached level 8 of The Gnomish Mines. On T:8294 you reached the bottom of the Mines. On T:9334 you advanced to experience level 10. On T:10017 you reached level 8 of The Dungeons of Doom. On T:10193 you reached level 9 of The Dungeons of Doom. On T:10683 you reached level 10 of The Dungeons of Doom. On T:10951 you reached level 11 of The Dungeons of Doom. On T:11176 you reached level 12 of The Dungeons of Doom. On T:11756 you reached level 13 of The Dungeons of Doom. On T:11963 you reached level 1 of The Quest. On T:12050 you reached level 14 of The Dungeons of Doom. On T:12582 you reached level 15 of The Dungeons of Doom. On T:12582 you entered the Rogue tribute level. On T:12648 you reached level 16 of The Dungeons of Doom. Score breakdown: Gold: 5804 ( 580 points) Experience: 10 levels ( 900 points) Exploration: 16 levels ( 450 points) Discoveries: 47 items ( 2000 points) Variety of kills: 120 monsters ( 2000 points) Major goal: Sokoban/Mines ( 1500 points) Survival: died (score multiplied by 3) Total score: 22290 Latest messages: T - an uncursed gunyoki. You stop exploring. You slash the python! You kill the python! You stop exploring. You slash the violet fungus! You kill the violet fungus! The mountain centaur punches you! The mountain centaur misses. (2x) You slash the mountain centaur! The mountain centaur punches you! The mountain centaur misses. (2x) The mountain centaur punches you! The mountain centaur misses. (2x) You kill the mountain centaur! You slash the dire bear! The dire bear mauls you! (2x) The dire bear bites! The dire bear misses. The dire bear mauls you! The dire bear bites! You hack the dire bear! The ogre king is hit by an arrow! The dire bear mauls you! The dire bear misses. The dire bear bites! You die... Final status: Sayonara woodfighter the Samurai, killed by a dire bear... You died in The Dungeons of Doom on dungeon level 15 with 22290 points, and 5804 pieces of gold, after 12680 moves. You were level 10 with a maximum of 106 hit points when you died.